 Dungeon Crawl Stone Soup version 0.31-a0-971-g75a2e9a4b4 (webtiles) character file.

Game seed: 12850706453780899619

8 drugrobin the Sneak (level 1, 0/18 HPs)
             Began as a Demigod Delver on Oct 28, 2023.
             Slain by a river rat (6 damage)
             ... in a sewer.
             The game lasted 00:02:22 (352 turns).

drugrobin the Sneak (Demigod Delver)                 Turns: 352, Time: 00:02:23

Health: 0/18       AC:  6    Str: 13    XL:     1   Next: 80%
Magic:  3/3        EV:  9    Int: 12    God:
Gold:   0          SH:  0    Dex: 15    Spells: 0/0 levels left

rFire   . .          .
                       - Unarmed
rCold   . . .        (no shield)
rNeg    . . .        e - +0 scale mail
rPois   .            (no helmet)
rElec   .            (no cloak)
rCorr   .            (no gloves)
SInv    .            (no boots)
Will    .....        (no amulet)
Stlth   +            (no ring)
HPRegen 0.23/turn    (no ring)
MPRegen 0.08/turn

%: no passive effects
@: no status effects
A: high MP 1, forlorn, divine attributes
a: no special abilities


You were in a sewer.
You visited 1 branch of the dungeon, and saw 1 of its levels.
You also visited: Sewer.

Inventory:

Armour
 a - a +0 leather armour
 e - a +0 scale mail (worn)
Wands
 f - a wand of digging (1)
Scrolls
 b - a scroll of fog
 c - a scroll of revelation
Potions
 d - a potion of haste


   Skills:
 - Level 2.6 Fighting
 - Level 1.7 Dodging
 - Level 4.5 Stealth
 + Level 2.5 Unarmed Combat


You couldn't memorise any spells.
You didn't know any spells.
Your spell library was empty.

Dungeon Overview and Level Annotations

Branches:
Dungeon (5/15)              Sewer (1/1)
 Temple: D:4-7

Annotations:
D:5 exclusions: jelly and scorpion


Innate Abilities, Weirdness & Mutations

You have an increased reservoir of magic. (+10% MP)
You shall have no god before yourself.
Your divine heritage dramatically boosts your attributes as you level up.


Message History

You see here a rat corpse.
You see here a rat corpse.
You barely miss the river rat. The river rat bites you!
You hit the river rat but do no damage. The river rat completely misses you.
You closely miss the river rat.
The river rat bites you but does no damage.
You hit the river rat but do no damage. The river rat closely misses you.
You barely miss the river rat. The river rat closely misses you.
You hit the river rat.
The river rat is heavily wounded.
The river rat bites you but does no damage.
You barely miss the river rat.
The river rat is heavily wounded.
The river rat bites you but does no damage.
You hit the river rat.
The river rat is heavily wounded.
The river rat closely misses you.
You barely miss the river rat.
The river rat is heavily wounded.
You hit the river rat.
The river rat is severely wounded.
The river rat barely misses you.
You hit the river rat but do no damage.
The river rat is severely wounded.
The river rat bites you!
* * * LOW HITPOINT WARNING * * *
Unknown command.
Unknown command.
You closely miss the river rat.
The river rat is severely wounded.
The river rat bites you but does no damage.
Unknown command.
You closely miss the river rat.
The river rat is severely wounded.
The river rat misses you.
Unknown command.
You hit the river rat but do no damage.
The river rat is severely wounded.
The river rat bites you.
You die...

#..#......~≈~~
##........~~≈.
##........≈≈~
##.....~.≈≈~
##.....~≈≈≈.
#.....~≈≈≈≈.
##.†...~≈≈≈≈≈
#.r#....≈≈≈≈≈
#@###..~≈≈≈≈≈
#∩# #...≈≈≈≈≈
####....≈≈≈≈≈
#....≈≈≈≈≈
.....≈≈≈≈≈
#....~≈≈≈≈≈
.r..~.≈≈≈≈≈
#.....≈≈≈≈≈≈
#.....≈≈≈≈≈≈


You could see a river rat.

Vanquished Creatures
  3 kobolds (Sewer)
  7 rats (Sewer)
10 creatures vanquished.

Notes
Turn   | Place    | Note
-------+----------+-------------------------------------------
     0 | D:5      | drugrobin the Demigod Delver began the quest for the Orb.
     0 | D:5      | Reached XP level 1. HP: 18/18 MP: 3/3
    11 | D:5      | Noticed a jelly
    20 | D:5      | Noticed a scorpion
    59 | D:5      | Found a glowing drain.
    72 | Sewer    | Entered a sewer
   352 | Sewer    | Slain by a river rat

Illustrated notes

Levels and vault maps discovered:
D:5:      layout_rooms, gup_sewer_entry_pipe, uniq_menkaure
Sewer:    sewer_minmay_treatment

Skill      XL: |  1 |
---------------+----+-----
Unarmed Combat | 2 |  2.5
Fighting       | |  2.6
Dodging        | |  1.7
Stealth        | |  4.5

Action                     || total
---------------------------++-------
  Melee: Unarmed           ||    37
         Punch             ||     1
  Evoke: Wand              ||     2
    Use: Scroll            ||     1
         Potion            ||     1
 Armour: Leather armour    ||    14
         Scale mail        ||     8
  Dodge: Dodged            ||    24

Table legend: (Time is in decaauts)
 A = Elapsed time spent in this place.
 B = Non-inter-level travel time spent in this place.
 C = Inter-level travel time spent in this place.
 D = Time resting spent in this place.
 E = Time spent auto-exploring this place.
 F = Levels seen in this place.
 G = Mean time per level.
                   A        B        C        D        E       F      G
               +--------+--------+--------+--------+--------+-----+--------+
         Total |    336 |    336 |      0 |     43 |     67 |   2 |  168.0 |
       Dungeon |     66 |     66 |      0 |      0 |      9 |   1 |   66.0 |
         Sewer |    270 |    270 |      0 |     43 |     58 |   1 |  270.0 |
               +--------+--------+--------+--------+--------+-----+--------+

Top non-repeatable levels by time:
   Sewer: 270 daAuts
     D:5: 66 daAuts
